 Dungeon Crawl Stone Soup version 0.28-a0-1435-g82390b3a13 (webtiles) character file.

Game seed: 9756273622534860794

37 Sabo the Ogre Mage (level 3, -5/31 HPs)
             Began as an Ogre Hedge Wizard on Jan 9, 2022.
             Was a Follower of Okawaru.
             Slain by Terence (8 damage)
             ... on level 2 of the Dungeon.
             The game lasted 00:08:40 (1533 turns).

Sabo the Ogre Mage (Ogre Hedge Wizard)              Turns: 1533, Time: 00:08:42

Health: -5/31      AC:  3    Str: 14    XL:     3   Next: 39%
Magic:  3/9        EV:  9    Int: 17    God:    Okawaru [*.....]
Gold:   27         SH:  0    Dex:  8    Spells: 10/11 levels left

rFire   . . .      SeeInvis .   i - +2 dagger (venom)
rCold   . . .      Faith    .   (no shield)
rNeg    . . .      Spirit   .   b - +0 robe
rPois   .          Reflect  .   c - +0 hat
rElec   .          Harm     .   (no cloak)
rCorr   .          Rampage  .   (gloves unavailable)
Will    .....                   (boots unavailable)
Stlth   +.........              (no amulet)
HPRegen 0.10/turn               (no ring)
MPRegen 0.11/turn               (no ring)

@: no status effects
A: large, unfitting armour, tough skin 1
a: Renounce Religion, Heroism


You were on level 2 of the Dungeon.
You worshipped Okawaru.
Okawaru was aware of your devotion.
You visited 1 branch of the dungeon, and saw 2 of its levels.

You collected 27 gold pieces.

Inventory:

Hand Weapons
 f - a +0 mace
 h - a +0 hunting sling
 i - a +2 dagger of venom (weapon)
Armour
 b - a +0 robe (worn)
 c - a +0 hat (worn)
Scrolls
 d - a scroll of magic mapping {unknown}
 e - a scroll of teleportation {unknown}
 g - a scroll of vulnerability {unknown}
 j - 2 scrolls of identify {unknown}
 k - a scroll of enchant weapon {unknown}


   Skills:
 + Level 0.2 Maces & Flails
 + Level 2.0 Dodging
 + Level 1.6 Stealth
 + Level 4.6 Spellcasting
 + Level 1.1 Conjurations
 + Level 0.8 Summonings
 + Level 0.8 Translocations


You had 10 spell levels left.
You knew the following spells:

 Your Spells              Type           Power      Damage    Failure   Level
a - Magic Dart            Conj           28%        1d4       10%         1

Your spell library contained the following spells:

 Spells                   Type           Power      Damage    Failure   Level
 Slow                     Hex            12%        N/A       16%         1
 Blink                    Tloc           12%        N/A       16%         2
 Conjure Flame            Conj/Fire      5%         6-21      34%         3
 Mephitic Cloud           Conj/Pois/Air  5%         N/A       36%         3
 Summon Small Mammal      Summ           Unusable   N/A       N/A         1
 Call Imp                 Summ           Unusable   N/A       N/A         2
 Call Canine Familiar     Summ           Unusable   N/A       N/A         3
 Summon Guardian Golem    Hex/Summ       Unusable   N/A       N/A         3

Dungeon Overview and Level Annotations

Branches:
Dungeon (2/15)

Altars:
Okawaru

Annotations:
D:2 Terence


Innate Abilities, Weirdness & Mutations

You are too large for most types of armour.
You have tough skin. (AC +1)


Message History

Casting: Magic Dart (safe; 10% risk of failure)
Confirm with . or Enter, or press ? or * to list all spells.
Aiming: Magic Dart (safe; 10% risk of failure)
Press: ? - help, Shift-Dir - straight line, f/p - Terence
Aim: Terence, wielding a +0 trident and wearing a +0 scale mail (lightly wounded, 100% to hit)
The magic dart hits Terence but does no damage.
Terence is lightly wounded.
Terence hits you from afar with a +0 trident.
Unknown command.
Casting: Magic Dart (safe; 10% risk of failure)
Confirm with . or Enter, or press ? or * to list all spells.
Aiming: Magic Dart (safe; 10% risk of failure)
Press: ? - help, Shift-Dir - straight line, f/p - Terence
Aim: Terence, wielding a +0 trident and wearing a +0 scale mail (lightly wounded, 100% to hit)
The magic dart hits Terence.
Terence is lightly wounded.
Terence completely misses you.
Casting: Magic Dart (safe; 10% risk of failure)
Confirm with . or Enter, or press ? or * to list all spells.
Aiming: Magic Dart (safe; 10% risk of failure)
Press: ? - help, Shift-Dir - straight line, f/p - Terence
Aim: Terence, wielding a +0 trident and wearing a +0 scale mail (lightly wounded, 100% to hit)
The magic dart hits Terence but does no damage.
Terence is lightly wounded.
Terence hits you from afar with a +0 trident!
Terence hits you with a +0 trident!
You closely miss Terence.
Terence is lightly wounded.
Terence hits you with a +0 trident.
You barely miss Terence.
Terence is lightly wounded.
Terence hits you with a +0 trident!
* * * LOW HITPOINT WARNING * * *
You barely miss Terence.
Terence is lightly wounded.
Terence barely misses you.
You hit Terence.
Terence is poisoned.
Terence is moderately wounded.
Terence hits you with a +0 trident!
You die...

#### ...###### ........#
.#.####.##########
.#.#...#.........#
.#.#..#.#####.##.#######
......#.# ...#.@@......
.#.##.#.##.#..#..######.
.#.##.#.## #..#..#
.........# #......
#.....#..# #.##..##
...#..#[.#^#. ...#
##........... ....
.#..............##
#....#.#.####


You could see Terence (very poisoned).

Vanquished Creatures
  An adder (D:2)
  5 bats
  An endoplasm (D:1)
  2 giant cockroaches
  3 goblins (D:1)
  3 hobgoblins
  2 kobolds (D:1)
  A quokka (D:1)
  3 ball pythons
  A frilled lizard (D:1)
  2 rats (D:1)
24 creatures vanquished.

Notes
Turn   | Place    | Note
-------+----------+-------------------------------------------
     0 | D:1      | Sabo the Ogre Hedge Wizard began the quest for the Orb.
     0 | D:1      | Reached XP level 1. HP: 16/16 MP: 5/5
   287 | D:1      | Reached XP level 2. HP: 24/24 MP: 0/6
   404 | D:1      | Reached skill level 4 in Spellcasting
  1081 | D:1      | Found a faded altar of an unknown god.
  1105 | D:1      | Reached skill level 1 in Conjurations
  1128 | D:1      | Prayed at the altar of an unknown god.
  1128 | D:1      | Became a worshipper of Warmaster Okawaru
  1128 | D:1      | Reached * piety under Okawaru
  1247 | D:2      | Reached XP level 3. HP: 31/31 MP: 5/8
  1519 | D:2      | Noticed Terence
  1533 | D:2      | Slain by Terence

Illustrated notes

Levels and vault maps discovered:
D:1:      ncdulo_smallfort, layout_basic, nicolae_ecumenical_lake_church
D:2:      layout_loops_ring, basic_altar, uniq_sigmund, uniq_terence

Skill      XL: |  1  2 |
---------------+-------+-----
Spellcasting   | 4 |  4.6
Dodging        | 2 |  2.0
Conjurations   | 1 |  1.1
Maces & Flails | |  0.2
Stealth        | |  1.6
Summonings     | |  0.8
Translocations | |  0.8

Action                   || total
-------------------------++-------
Melee: Mace              ||     9
       Dagger            ||     7
 Cast: Magic Dart        ||    58
Armor: Robe              ||    10
Dodge: Dodged            ||    16

Table legend: (Time is in decaauts)
 A = Elapsed time spent in this place.
 B = Non-inter-level travel time spent in this place.
 C = Inter-level travel time spent in this place.
 D = Time resting spent in this place.
 E = Time spent auto-exploring this place.
 F = Levels seen in this place.
 G = Mean time per level.
                   A        B        C        D        E       F      G
               +--------+--------+--------+--------+--------+-----+--------+
         Total |   1543 |   1543 |      0 |    586 |      0 |   2 |  771.5 |
       Dungeon |   1543 |   1543 |      0 |    586 |      0 |   2 |  771.5 |
               +--------+--------+--------+--------+--------+-----+--------+

Top non-repeatable levels by time:
     D:1: 1255 daAuts
     D:2: 288 daAuts
